 Dungeon Crawl Stone Soup version 0.31.0-32-g396128a36d (webtiles) character file.

Game seed: 15674171109159725725

912 spaghetti the Ruffian (level 7, -2/78 HPs)
             Began as a Demonspawn Berserker on Mar 21, 2024.
             Was a Priest of Trog.
             Engulfed by a cloud of steam (9 damage)
             ... on level 5 of the Dungeon.
             The game lasted 00:04:44 (3064 turns).

spaghetti the Ruffian (Demonspawn Berserker)        Turns: 3064, Time: 00:04:44

Health: -2/78      AC:  4    Str: 19    XL:     7   Next: 82%
Magic:  7/7        EV: 12    Int: 14    God:    Trog [***...]
Gold:   84         SH:  0    Dex: 12    Spells: 6/6 levels left

rFire   . .          .
                       - Unarmed
rCold   . . .        (no shield)
rNeg    . . .        b - +0 animal skin
rPois   .            d - +1 helmet
rElec   .            (no cloak)
rCorr   .            (no gloves)
SInv    .            (no boots)
Will    .....        (no amulet) Stlth
                     h - +6 ring of intelligence
HPRegen 0.33/turn    (no ring)
MPRegen 0.10/turn

%: no passive effects
@: berserking, very quick
A: claws 2, condensation shield
a: Renounce Religion, Berserk, Trog's Hand


You were on level 5 of the Dungeon.
You worshipped Trog.
Trog was most pleased with you.
You visited 1 branch of the dungeon, and saw 5 of its levels.

You collected 84 gold pieces.

Inventory:

Hand Weapons
 a - a +1 falchion
Armour
 b - a +0 animal skin (worn)
 d - a +1 helmet (worn)
Jewellery
 h - a +6 ring of intelligence (left claw)
Wands
 e - a wand of flame (12)
 g - a wand of iceblast (7)
Scrolls
 c - a scroll of amnesia {unknown}
 f - a scroll of noise


   Skills:
 - Level 3.0 Fighting
 - Level 3.3 Long Blades
 - Level 1.7 Armour
 - Level 1.7 Dodging
 + Level 7.9 Unarmed Combat


You had 6 spell levels left.
You didn't know any spells.
Your spell library was empty.

Dungeon Overview and Level Annotations

Branches:
Dungeon (5/15)
 Temple: D:4-7

Altars:
Ashenzari
Uskayaw

Shops:
D:1 :


Innate Abilities, Weirdness & Mutations

You have very sharp fingernails.
A meltable shield of frost defends you. (SH +0)


Message History

You start resting.
You recover from your berserk rage.
You start resting.
A steam dragon is nearby!
A steam dragon is nearby!
A steam dragon is nearby!
Aiming: Throw Flame
Press: ? - help, Shift-Dir - straight line, f - steam dragon
Aim: a steam dragon (wandering, hasn't noticed you, 68% to hit)
The puff of flame hits the steam dragon.
The steam dragon is moderately wounded.
The steam dragon hisses angrily.
The steam dragon breathes steam at you. The ball of steam misses you.
You start resting.
A steam dragon is nearby!
You start resting.
A steam dragon is nearby!
A red film seems to cover your vision as you go berserk!
You feel yourself moving faster!
You feel mighty! The steam dragon breathes steam at you.
The ball of steam hits you!
Your condensation shield dissipates!
* * * LOW HITPOINT WARNING * * *
You feel a strong urge to attack something.
You are engulfed in a cloud of scalding steam.
* * * LOW HITPOINT WARNING * * *
You claw the steam dragon! You claw the steam dragon.
The steam dragon is severely wounded.
You are engulfed in a cloud of scalding steam.
* * * LOW HITPOINT WARNING * * *
The steam dragon bites you!
* * * LOW HITPOINT WARNING * * *
The steam dragon barely misses you.
You claw the steam dragon!
You kill the steam dragon!
Trog accepts your kill.
The steam dragon scales are intact enough to wear.
You are engulfed in a cloud of scalding steam.
You die...

#...#.#..# #........#
#.#.?....# #....?..#
####### .## #.......#
#....<# ....
#......####.....# .....
##§.)...........#
......#§###†.####.....#
#§@###§§# #.....#
##§[..†.# #######
#####.## .... ##.#.#
#.#.# #.. . ### ##


There were no monsters in sight!

Vanquished Creatures
  Sigmund (D:2)
  A steam dragon (D:5)
  Eustachio (D:4)
  An ogre (D:5)
  Blork the orc (D:4)
  A howler monkey (D:5)
  2 bombardier beetles
  A gnoll bouda (D:4)
  An orc priest (D:3)
  A jelly (D:4)
  2 iguanas
  Robin (D:4)
  5 gnolls (D:4)
  6 adders
  2 dart slugs (D:3)
  A ribbon worm (D:3)
  16 orcs
  2 bats
  5 endoplasms
  3 giant cockroaches
  12 goblins
  10 hobgoblins
  8 jackals
  4 quokkas
  6 ball pythons
  4 frilled lizards
  9 kobolds
  3 rats
110 creatures vanquished.

Notes
Turn   | Place    | Note
-------+----------+-------------------------------------------
     0 | D:1      | spaghetti the Demonspawn Berserker began the quest for the
                  | Orb.
     0 | D:1      | Reached XP level 1. HP: 18/18 MP: 1/1
    76 | D:1      | Found a faded altar of an unknown god.
   179 | D:1      | Found Apsotiq's Vocational Training.
   225 | D:1      | Gained mutation: You have sharp fingernails. [demonic
                  | ancestry]
   225 | D:1      | Reached XP level 2. HP: 24/24 MP: 2/2
   363 | D:1      | Reached skill level 1 in Unarmed Combat
   537 | D:2      | Reached XP level 3. HP: 26/29 MP: 3/3
   682 | D:2      | Noticed Sigmund
   696 | D:2      | Killed Sigmund
   697 | D:2      | Reached skill level 4 in Unarmed Combat
   697 | D:2      | Gained mutation: A meltable shield of frost defends you.
                  | (SH +0) [demonic ancestry]
   697 | D:2      | Reached XP level 4. HP: 19/35 MP: 4/4
   697 | D:2      | Gained mutation: You have very sharp fingernails. [demonic
                  | ancestry]
   697 | D:2      | Reached XP level 5. HP: 23/41 MP: 5/5
  1242 | D:3      | Reached ** piety under Trog
  1638 | D:3      | Reached skill level 5 in Unarmed Combat
  1677 | D:3      | Reached XP level 6. HP: 47/47 MP: 6/6
  2204 | D:4      | Noticed Blork the orc
  2213 | D:4      | Killed Blork the orc
  2217 | D:4      | Reached skill level 6 in Unarmed Combat
  2356 | D:4      | Found a hide-covered altar of Uskayaw.
  2357 | D:4      | Found a broken altar of Ashenzari.
  2444 | D:4      | Reached XP level 7. HP: 51/52 MP: 7/7
  2561 | D:4      | Noticed Eustachio
  2579 | D:4      | Killed Eustachio
  2580 | D:4      | Reached skill level 7 in Unarmed Combat
  2621 | D:4      | Noticed Robin
  2628 | D:4      | Killed Robin
  2650 | D:4      | Reached *** piety under Trog
  2974 | D:5      | Entered Level 5 of the Dungeon
  3012 | D:5      | Noticed a steam dragon
  3064 | D:5      | Killed a steam dragon
  3064 | D:5      | Engulfed by a cloud of steam

Illustrated notes

Levels and vault maps discovered:
D:1:      amcnicky_arrival_single_pillar, layout_basic,
          ebering_ecumenical_altar_webs, nicolae_shop_vocational
D:2:      layout_basic, uniq_sigmund
D:3:      layout_loops_ring
D:4:      layout_rooms, gammafunk_temple_overflow_wave, uniq_eustachio,
          uniq_blork_the_orc, uniq_robin
D:5:      layout_loops_cross, portal_sewer_entry_e

Skill      XL: |  1  2  3  4  5  6  7 |
---------------+----------------------+-----
Long Blades    | 3 |  3.3
Unarmed Combat | 1 4 5 6 7 |  7.9
Fighting       | |  3.0
Armour         | |  1.7
Dodging        | |  1.7

Action                     |  1- 3 |  4- 6 |  7- 9 || total
---------------------------+-------+-------+-------++-------
  Melee: Falchion          |    18 |       |       ||    18
         Unarmed           |    48 |   158 |    66 ||   272
         Punch             |       |     6 |     2 ||     8
 Invoke: Berserk           |     1 |     2 |     4 ||     7
         Trog's Hand       |       |     2 |       ||     2
  Evoke: Wand              |       |       |     1 ||     1
    Use: Potion            |     1 |     2 |       ||     3
         Scroll            |       |     6 |       ||     6
   Stab: Sleeping          |       |     2 |     1 ||     3
 Armour: Animal skin       |    39 |    66 |    46 ||   151
         Skin              |       |    39 |       ||    39
  Dodge: Dodged            |    46 |    66 |    39 ||   151
  Block: Other             |       |    21 |    13 ||    34
